Map: King's Cove LE

Players

Serral - Winner!

  • Race: Zerg Zerg
  • Spawn Location: 5:00

Neeb

  • Race: Protoss Protoss
  • Spawn Location: 11:00

Event: 2019 WCS Summer

VOD

Have the link to the VOD?

Description

Time

  • Played on: July 14, 2019, 11:49 a.m.
  • Length: 7:27

All games in this series

Show
View Real Time Build Order
Export as new Build Order

Serral Zerg - Winner!

Build Orders: 3 Hatch before Pool 

Get SALT Encoding   

  12  0:00  Drone  
  13  0:12  Overlord  
  13  0:17  Drone  
  14  0:30  Drone x2  
  16  0:52  Hatchery  
  16  0:55  Drone  
  16  0:58  Drone  
  17  1:21  Hatchery  
  17  1:23  Drone  
  17  1:26  Drone  
  18  1:39  Spawning Pool  
  17  1:41  Extractor  
  17  1:45  Drone  
  17  1:48  Drone  
  17  1:52  Drone, Evolution Chamber  
  20  2:05  Overlord  
  20  2:12  Drone x2  
  22  2:17  Extractor  
  21  2:25  Drone x2  
  21  2:26  Queen x2  
  21  2:28  Drone x2  
  29  2:40  Zergling x4  
  32  2:45  Metabolic Boost  
  32  2:51  Overlord  
  32  2:53  Zergling x2  
  32  2:57  Zergling x2  
  34  3:01  Queen  
  36  3:11  Hatchery  
  35  3:14  Zergling x2  
  36  3:21  Zergling x2  
  36  3:23  Drone  
  36  3:24  Drone  
  36  3:25  Drone  
  37  3:33  Drone x2  
  37  3:37  Spore Crawler  
  35  3:42  Drone x4  
  40  3:51  Overlord  
  40  3:53  Drone  
  40  3:54  Queen  
  43  3:59  Spore Crawler  
  43  4:02  Drone  
  43  4:04  Drone  
  44  4:14  Zergling x4, Spore Crawler  
  45  4:20  Drone x3  
  45  4:22  Queen  
  45  4:23  Drone  
  51  4:25  Drone x2  
  51  4:26  Drone  
  51  4:29  Lair  
  53  4:39  Roach Warren  
  53  4:40  Spore Crawler  
  53  4:43  Overlord  
  53  4:44  Overlord  
  51  4:54  Overlord  
  51  5:02  Drone x5  
  51  5:03  Drone x2  
  51  5:04  Drone x2  
  60  5:12  Extractor x2  
  59  5:17  Queen x2  
  59  5:18  Drone, Overlord  
  59  5:20  Drone  
  65  5:25  Overlord  
  65  5:26  Overlord  
  65  5:30  Overlord  
  65  5:31  Overlord  
  65  5:38  Zergling x10  
  65  5:39  Zergling x2  
  71  5:44  Roach x2  
  71  5:46  Roach  
  71  5:49  Roach x2  
  81  5:55  Roach  
  83  5:57  Nydus Network  
  83  6:02  Drone x3, Extractor  
  84  6:05  Roach x2  
  84  6:09  Zergling x8  
  86  6:28  Zergling x16  
  93  6:36  Nydus Canal  
  93  6:40  Zergling x14  
  99  6:51  Ravager x2  
  99  6:52  Ravager  
  99  6:53  Overlord x2  
  102  6:57  Ravager  
  102  6:59  Zergling x6  
Show
View Real Time Build Order
Export as new Build Order

Neeb Protoss 

Build Orders: Phoenix Opening 

Get SALT Encoding   

  12  0:00  Probe  
  13  0:12  Probe  
  14  0:18  Pylon  
  14  0:24  Probe  
  15  0:29  Assimilator  
  15  0:34  Probe  
  16  0:43  Probe  
  16  0:44  Gateway  
  17  0:53  Probe  
  18  1:05  Probe  
  19  1:17  Probe  
  20  1:22  Zealot  
  20  1:26  Gateway  
  20  1:27  Pylon  
  22  1:38  Cybernetics Core  
  22  1:43  Probe  
  23  2:15  Adept x2  
  27  2:29  Nexus  
  27  2:34  Probe  
  28  2:40  Pylon  
  28  2:44  Assimilator  
  28  2:46  Probe  
  28  2:49  Warp Gate  
  29  2:57  Stalker  
  31  3:01  Probe  
  32  3:09  Stargate  
  32  3:13  Probe  
  33  3:25  Probe  
  32  3:35  Probe  
  32  3:39  Probe  
  33  3:43  Probe  
  33  3:44  Phoenix  
  33  3:47  Probe  
  35  3:52  Probe  
  38  3:57  Probe  
  38  4:02  Phoenix  
  40  4:03  Probe  
  40  4:09  Probe  
  44  4:14  Pylon  
  44  4:15  Probe  
  45  4:21  Probe  
  45  4:22  Phoenix  
  46  4:25  Assimilator  
  46  4:27  Assimilator, Probe  
  49  4:33  Probe  
  50  4:40  Probe  
  50  4:41  Phoenix  
  50  4:45  Probe  
  52  4:47  Adept  
  52  4:48  Adept  
  52  4:52  Probe  
  59  4:57  Probe  
  60  5:02  Phoenix  
  60  5:07  Pylon  
  62  5:14  Nexus  
  62  5:23  Robotics Facility  
  62  5:25  Probe x2, Pylon  
  62  5:27  Sentry  
  66  5:28  Sentry  
  68  5:36  Probe  
  68  5:37  Probe  
  70  5:44  Probe, Forge  
  70  5:46  Forge  
  70  5:49  Probe  
  72  5:52  Probe  
  73  5:59  Pylon  
  73  6:01  Probe  
  73  6:03  Probe  
  74  6:08  Pylon  
  75  6:13  Probe, Robotics Bay  
  75  6:14  Immortal  
  80  6:19  Probe  
  80  6:22  Assimilator  
  80  6:24  Assimilator  
  81  6:29  Probe  
  81  6:30  Stalker, Sentry  
  86  6:34  Shield Battery  
  86  6:37  Probe x2  
  84  6:41  Probe, Immortal  
  85  6:49  Probe  
  85  6:50  Probe  
  91  6:54  Sentry  
  91  6:55  Stalker, Shield Battery  
  91  6:59  Shield Battery  
  95  7:03  Shield Battery x2  
  95  7:07  Gateway  
  95  7:13  Probe  
  94  7:21  Stalker x2  
Tags
 
Add a new tag
Caveats
  • Supply blocks, unpowered buildings, or Contaminate may cause inaccurate times.
  • Supply counts are checked every 10 seconds.